AoeStats
← Leão

Oasis

507398314Analyzed
4v4 RM · 14d ago on Sep 18, 2026· 31m 27s· 8 players
Game mode
Random Map
Map size
Large (8 player)
Population
200
Speed
Normal
Resources
Standard
Victory
Conquest
Starting age
Dark Age
Ending age
Imperial Age
RankedLock teamsTeams togetherTeam positionsShared explorationLock speedFull tech treeHidden civsTurbo modeCheats
Victory
Defeat
🇧🇷 Franks · Brazil
1336
+16
🇧🇷 Britons · Brazil
1326
+17
🇧🇷 Saracens · Brazil
1309
+17
🇧🇷 Persians · Brazil
1285
+18
🇨🇳 Maya · China
1405
-19
🇨🇳 Magyars · China
1326
-17
🇧🇷 Huns · Brazil
1324
-17
🇦🇷 Ethiopians · Argentina
1299
-15
帝国时代2--叶枫
4:03 Loom
4:37 Loom
10:09 Feudal Age
8:27 Loom
11:38 Horse Collar
13:02 Double-Bit Axe
18:22 Gold Mining
20:18 Scale Barding Armor
23:08 Castle Age
23:07 Bloodlines
24:18 Chain Barding Armor
24:47 Heavy Plow
25:00 Bow Saw
25:29 Husbandry
29:36 Gold Shaft Mining
LmC_Mr.Brown 2001
8:57 Feudal Age
9:35 Double-Bit Axe
12:01 Forging
13:06 Loom
13:05 Horse Collar
15:49 Bloodlines
16:24 Scale Barding Armor
19:43 Wheelbarrow
22:40 Castle Age
[Ks]LucasDK
7:49 Loom
10:24 Feudal Age
10:28 Man-at-Arms
12:50 Double-Bit Axe
14:58 Fletching
17:41 Horse Collar
19:24 Wheelbarrow
19:49 Padded Archer Armor
25:38 Castle Age
24:18 Gold Mining
25:47 Crossbowman
26:24 Bodkin Arrow
26:45 Leather Archer Armor
SevenThunder438
0:33 Loom
10:29 Feudal Age
11:25 Double-Bit Axe
13:44 Horse Collar
15:29 Fletching
17:38 Padded Archer Armor
18:47 Gold Mining
20:53 Wheelbarrow
26:39 Castle Age
[RZ] Joãozinho
9:16 Feudal Age
10:10 Double-Bit Axe
12:36 Loom
17:56 Fletching
18:14 Padded Archer Armor
24:17 Castle Age
22:56 Gold Mining
24:07 Horse Collar
24:57 Bodkin Arrow
24:23 Crossbowman
26:02 Leather Archer Armor
32:01 Ballistics
[RZ] Matheus
2:47 Loom
7:17 Loom
9:36 Feudal Age
12:02 Double-Bit Axe
12:10 Horse Collar
15:47 Forging
18:30 Scale Barding Armor
20:16 Bloodlines
21:15 Wheelbarrow
26:10 Castle Age
24:12 Gold Mining
26:47 Bow Saw
27:16 Gold Shaft Mining
27:06 Chain Barding Armor
27:22 Iron Casting
26:50 Husbandry
28:55 Heavy Plow
29:28 Light Cavalry
[Rz] TK_puxa
6:56 Loom
10:00 Feudal Age
10:40 Double-Bit Axe
22:20 Castle Age
20:38 Gold Mining
22:50 Scale Barding Armor
22:55 Forging
23:16 Husbandry
23:49 Bow Saw
25:26 Iron Casting
28:34 Gold Shaft Mining
30:19 Chain Barding Armor
Leão
7:06 Loom
7:36 Loom
10:18 Feudal Age
17:41 Double-Bit Axe
20:27 Fletching
26:02 Padded Archer Armor
29:07 Castle Age
29:12 Gold Mining
30:16 Crossbowman
Connection lost

Rejoining the realm…

Still unreachable

The connection could not be restored.

Session expired

The server has moved on; the page needs a fresh start.